 Dungeon Crawl Stone Soup version 0.23.1 (webtiles) character file.

Game seed: 4349183950473178930

1337 Borgoz the Cutter (level 8, 0/68 HPs)
             Began as a Ghoul Gladiator on Mar 13, 2019.
             Was an Initiate of Ashenzari.
             Slain by a goblin zombie (1 damage)
             ... in an ossuary.
             The game lasted 00:11:01 (5471 turns).

Borgoz the Cutter (Ghoul Gladiator)                 Turns: 5471, Time: 00:11:02

Health: 0/68       AC:  4    Str: 19 (23) XL:     8   Next: 61%
Magic:  7/7        EV: 20    Int:  0 (5)  God:    Ashenzari [......]
Gold:   198        SH:  0    Dex: 12 (15) Spells: 7/7 levels left

rFire    . . .     SeeInvis .   k - +2 dagger (venom)
rCold    + . .     Gourm    .   (no shield)
rNeg     + + +     Faith    .   b - +0 leather armour
rPois    ∞         Spirit   .   c - +0 helmet
rElec    .         Reflect  .   (no cloak)
rCorr    .         Harm     .   (no gloves)
MR       .....                  (no boots)
Stlth    ++........             (no amulet)
HPRegen  0.00/turn              s - +1 ring of evasion
MPRegen  0.10/turn              (no ring)

@: mighty, agile, rotting, hasted and slowed, lost intelligence
A: rotting body, claws 1, carnivore, cold resistance 1, negative energy
resistance 3, inhibited regeneration, torment resistance, unbreathing
a: Curse Item, Renounce Religion


You were in an ossuary.
You worshipped Ashenzari.
Ashenzari was noncommittal.
You were not hungry.

You visited 2 branches of the dungeon, and saw 6 of its levels.
You also visited: Sewer and Ossuary.

You collected 198 gold pieces.

Inventory:

Hand Weapons
 a - a +0 rapier
 k - a +2 dagger of venom (weapon)
Missiles
 d - 3 throwing nets (quivered)
 q - 4 tomahawks
Armour
 b - a +0 leather armour (worn)
 c - a +0 helmet (worn)
Jewellery
 r - an uncursed amulet of magic regeneration
 s - a +1 ring of evasion (left claw)
Scrolls
 e - 5 scrolls of teleportation {unknown}
 g - 2 scrolls of identify {unknown}
 h - a scroll of enchant weapon {unknown}
 i - 4 scrolls of remove curse
 t - a scroll of blinking {unknown}
Potions
 j - a potion of brilliance {unknown}
 l - a potion of cancellation {unknown}
 u - a potion of resistance
Comestibles
 f - 5 rations


   Skills:
 + Level 5.2 Fighting
 * Level 5.9 Short Blades
 - Level 1.7 Throwing
 * Level 5.0 Armour
 + Level 4.7 Dodging


You had 7 spell levels left.
You didn't know any spells.
Your spell library was empty.

Dungeon Overview and Level Annotations

Branches:
Dungeon (5/15)             Temple (1/1) D:5

Altars:
Ashenzari
Cheibriados
Dithmenos
Elyvilon
Fedhas
Gozag
Hepliaklqana
Makhleb
Nemelex Xobeh
Okawaru
Qazlal
Ru
Vehumet
Wu Jian
Xom
Yredelemnul
The Shining One


Innate Abilities, Weirdness & Mutations

Your body is rotting away.
You thrive on raw meat.
You are immune to poison.
You have sharp fingernails.
You are carnivorous and can eat meat at any time.
Your flesh is cold resistant. (rC+)
You are immune to negative energy. (rN+++)
You do not regenerate when monsters are visible.
You are immune to unholy pain and torment.
You can survive without breathing.


Message History

* * * LOW HITPOINT WARNING * * *
The goblin zombie hits you but does no damage.
The big kobold zombie hits you but does no damage.
The goblin zombie hits you but does no damage.
The big kobold zombie hits you but does no damage.
The goblin zombie hits you but does no damage.
You can move again.
It was a potion of haste.
You feel yourself speed up.
The big kobold zombie barely misses you.
The goblin zombie hits you.
* * * LOW HITPOINT WARNING * * *
The big kobold zombie barely misses you.
The goblin zombie barely misses you.
The big kobold zombie hits you but does no damage.
The goblin zombie completely misses you.
It was a potion of agility.
You feel agile all of a sudden.
The big kobold zombie hits you but does no damage.
The goblin zombie hits you.
You die...

................
#...............#
#...............#
.................
.................
.................
.................
.......∩ZZZ......
........Z@.......
.................
.................
#...............#
#...............#
.................
.................
....#####......


You could see 2 goblin zombies and 2 big kobold zombies.

Vanquished Creatures
  Sigmund (D:2)
  A sky beast (D:5)
  A phantom (D:4)
  A centaur (D:2)
  2 bullfrogs (Sewer)
  A crimson imp (D:5)
  A human zombie (Ossuary)
  A hound (D:5)
  Ijyb (D:3)
  A bullfrog skeleton (D:4)
  An iguana (D:5)
  4 orc wizards
  A worker ant (D:4)
  Natasha (thrice) (D:4)
  2 hound zombies
  A hound skeleton (D:4)
  Robin (D:2)
  A river rat (D:3)
  9 adders
  16 oozes
  4 worms
  6 dart slugs
  16 leopard geckos
  5 orcs
  10 ball pythons (Sewer)
  2 bats (D:1)
  15 giant cockroaches
  A gnoll zombie (Ossuary)
  23 goblins
  8 hobgoblins
  10 jackals
  A quokka (D:3)
  11 frilled lizards
  A goblin zombie (Ossuary)
  A hobgoblin zombie (Ossuary)
  A jackal skeleton (D:3)
  A jackal zombie (Ossuary)
  8 kobolds
  An orc zombie (Ossuary)
  6 rats
  A rat zombie (Ossuary)
182 creatures vanquished.

Notes
Turn   | Place    | Note
-------+----------+-------------------------------------------
     0 | D:1      | Borgoz the Ghoul Gladiator began the quest for the Orb.
     0 | D:1      | Reached XP level 1. HP: 17/17 MP: 0/0
   225 | D:1      | Reached XP level 2. HP: 25/25 MP: 1/1
   429 | D:1      | Reached skill level 1 in Armour
   429 | D:1      | Reached XP level 3. HP: 24/30 MP: 2/2
  1183 | D:2      | Reached XP level 4. HP: 15/36 MP: 3/3
  1239 | D:2      | Noticed Robin
  1257 | D:2      | Killed Robin
  1417 | D:2      | Found a burning altar of Makhleb.
  1494 | D:2      | Noticed Sigmund
  1510 | D:2      | Killed Sigmund
  1510 | D:2      | Reached XP level 5. HP: 21/45 MP: 4/4
  1510 | D:2      | Reached XP level 6. HP: 24/51 MP: 5/5
  2315 | D:3      | Found an iron altar of Okawaru.
  2508 | D:3      | Noticed Ijyb
  2528 | D:3      | Killed Ijyb
  2703 | D:3      | Reached XP level 7. HP: 38/59 MP: 6/6
  2843 | D:3      | Found a glowing drain.
  2853 | Sewer    | Entered a sewer
  3478 | Sewer    | Reached skill level 5 in Short Blades
  3867 | D:4      | Noticed Natasha
  3877 | D:4      | Killed Natasha
  3924 | D:4      | Noticed Natasha
  3935 | D:4      | Killed Natasha
  4137 | D:4      | Reached XP level 8. HP: 63/67 MP: 7/7
  4483 | D:4      | Noticed Natasha
  4491 | D:4      | Killed Natasha
  4937 | D:5      | Entered Level 5 of the Dungeon
  5077 | D:5      | Reached skill level 5 in Fighting
  5084 | D:5      | Found a staircase to the Ecumenical Temple.
  5147 | Temple   | Entered the Ecumenical Temple
  5234 | Temple   | Became a worshipper of Ashenzari the Shackled
  5357 | D:5      | Reached skill level 5 in Armour
  5421 | D:5      | Found a sand-covered staircase.
  5426 | Ossuary  | Entered an ossuary
  5468 | Ossuary  | Lost intelligence.
  5468 | Ossuary  | HP: 2/68 [big kobold zombie (4)]
  5471 | Ossuary  | Slain by a goblin zombie

Skill      XL: |  1  2  3  4  5  6  7  8 |
---------------+-------------------------+-----
Short Blades   | 3 4 5 |  5.9
Armour         | 1 2 3 4 5 |  5.0
Dodging        | 3 4 |  4.7
Fighting       | 3 4 5 |  5.2
Throwing       | |  1.7

Action                   |  1- 3 |  4- 6 |  7- 9 || total
-------------------------+-------+-------+-------++-------
Melee: Rapier            |   101 |    46 |       ||   147
       Dagger            |       |   119 |   521 ||   640
  Use: Potion            |     3 |       |     7 ||    10
  Eat: Chunk             |     5 |    16 |    22 ||    43
Armor: Leather armour    |    37 |    26 |   152 ||   215
Dodge: Dodged            |    73 |    88 |   398 ||   559
